 Dungeon Sprint DCSS version 0.17-a0-1748-g222fba8 (webtiles) character file.

828 hexophile the Destroyer (level 7, -4/55 HPs)
             Began as a Naga Wizard on Sept 1, 2015.
             Was an Elder of Vehumet.
             Slain by a merfolk
             ... wielding a cursed -3 trident
              (5 damage)
             ... in the Dungeon (Sprint V: "Ziggurat Sprint").
             The game lasted 00:04:23 (724 turns).

hexophile the Destroyer (Naga Wizard)                Turns: 724, Time: 00:04:23

Health: -4/55      AC:  3    Str:  9    XL:     7   Next: 97%
Magic:  10/26      EV:  9    Int: 40    God:    Vehumet [****..]
Gold:   0          SH:  0    Dex:  6    Spells: 3 memorised, 19 levels left

rFire  . . .     SeeInvis +     K - +6 Majin-Bo {vamp, Archmagi MP+6 Int+6}
rCold  . . .     Clarity  .     n - +0 leather armour "Dukunal" {rN+++ Int+2 Dex-4}
rNeg   + + +     SustAt   .     (no shield)
rPois  +         Gourm    .     b - +0 hat
rElec  .         Spirit   .     (no cloak)
rCorr  .         Warding  .     (no gloves)
rMut   .         NoTele   +     (no barding)
MR     .....                    (no amulet)
Stlth  ++........               G - +6 ring of intelligence
                                F - +6 ring of intelligence

@: repel missiles, very slow, not resistant to hostile enchantments, unstealthy
A: see invisible, deformed body, poison resistance, slowness 2, slow metabolism
1, spit poison 2, AC +2
a: Spit Poison, Renounce Religion


You were in the Dungeon.
You worshipped Vehumet.
Vehumet was greatly pleased with you.
You were hungry.

You visited 1 branch

Inventory:

Hand weapons
 K - the +6 Majin-Bo (weapon) {vamp, Archmagi MP+6 Int+6}
   (You found it in the Dungeon)

   It inflicts no extra harm, but heals its wielder somewhat when it strikes a
   living foe.
   It affects your intelligence (+6).
   It affects your magic capacity (+6).
Armour
 b - a +0 hat (worn)
 n - the +0 leather armour "Dukunal" (worn) {rN+++ Int+2 Dex-4}
   (You found it in the Dungeon)

   It affects your intelligence (+2).
   It affects your dexterity (-4).
   It renders you almost immune to negative energy.
 L - a +5 storm dragon armour
Jewellery
 D - a +6 ring of dexterity
 E - a +6 ring of dexterity
 F - a +6 ring of intelligence (left hand)
 G - a +6 ring of intelligence (right hand)
 H - a +6 ring of strength
 I - a +6 ring of strength
Magical devices
 y - a wand of disintegration (3)
 A - a wand of fire (3)
 B - a wand of cold (1)
 C - a wand of draining (0)
Scrolls
 j - 4 scrolls of blinking
 q - 4 scrolls of amnesia
 r - 3 scrolls of recharging
 s - 7 scrolls of fog
 t - a scroll of holy word
 u - 5 scrolls of identify
 v - 4 scrolls of remove curse
 w - 2 scrolls of fear
Potions
 e - 10 potions of curing
 f - 9 potions of heal wounds
 g - 6 potions of haste
 h - 7 potions of magic
 i - 3 potions of berserk rage
 k - 2 potions of brilliance
 l - 2 potions of invisibility
 m - 4 potions of resistance
 o - 5 potions of agility
 p - 5 potions of might
Books
 c - a book of Minor Magic

   Spells                             Type                      Level
   a - Magic Dart                     Conjuration                  1
   b - Blink                          Translocation                2
   c - Call Imp                       Summoning                    2
   d - Repel Missiles                 Charms/Air                   2
   e - Slow                           Hexes                        2
   f - Conjure Flame                  Conjuration/Fire             3
   g - Mephitic Cloud                 Conjuration/Poison/Air       3
Miscellaneous
 J - a crystal ball of energy
Comestibles
 d - 5 bread rations
 x - 39 fruits
 z - 4 meat rations


   Skills:
 - Level 1.5 Dodging
 - Level 3.0 Stealth
 + Level 9.5 Spellcasting
 * Level 13.5 Conjurations
   Level 1.0 Summonings
   Level 1.0 Translocations


You had 19 spell levels left.
You knew the following spells:

 Your Spells              Type           Power        Failure   Level  Hunger
a - Magic Dart            Conj           ####         0%          1    None
b - Mephitic Cloud        Conj/Pois/Air  ######..     1%          3    None
c - Repel Missiles        Chrm/Air       ####..       4%          2    None


Dungeon Overview and Level Annotations

Branches:
Dungeon (1/1)

Altars:
Ashenzari
Cheibriados
Dithmenos
Elyvilon
Fedhas
Gozag
Kikubaaqudgha
Makhleb
Nemelex Xobeh
Okawaru
Qazlal
Ru
Sif Muna
Trog
Vehumet
Xom
Yredelemnul
Zin
The Shining One
Beogh
Jiyva
Lugonu


Innate Abilities, Weirdness & Mutations

You cannot wear boots.
Your serpentine skin is tough (AC +2).
You have supernaturally acute eyesight.
Armour fits poorly on your strangely shaped body.
Your system is resistant to poisons.
You cover ground very slowly.
You have a slow metabolism.
You can spit poison.


Message History

* * * LOW HITPOINT WARNING * * *
The merfolk throws a tomahawk.
The tomahawk is repelled.
Casting: Magic Dart
Confirm with . or Enter, or press ? or * to list all spells.
Aiming: Magic Dart
Press: ? - help, Shift-Dir - straight line, f/p - merfolk
Aim: a merfolk, wielding a trident (almost dead, confused)
You feel a surge of power!
The magic dart hits the merfolk.
The merfolk is almost dead.
* * * LOW HITPOINT WARNING * * *
Casting: Magic Dart
Confirm with . or Enter, or press ? or * to list all spells.
Aiming: Magic Dart
Press: ? - help, Shift-Dir - straight line, f/p - merfolk
Aim: a merfolk, wielding a trident (almost dead, confused)
You feel a surge of power!
The magic dart hits the merfolk.
The merfolk is almost dead.
* * * LOW HITPOINT WARNING * * *
The merfolk hits you from afar with a trident.
You die...

▓.....▓.....▓▓▓▓▓▓▓
▓▓▓▓▓▓▓▓▓▓▓▓▓▓▓▓▓▓▓
▓..8©8...▓..8©8...▓
▓..[||...▓%.).%...▓
▓...}....▓..}%%..m▓
▓........▓...))...▓
▓........▓...)m...▓
▓.▓....▓.▓.▓....▓.▓
▓........▓...@....▓
▓▓▓▓▓▓▓▓▓▓▓▓▓▓▓▓▓▓▓


You could see 2 merfolk.

Vanquished Creatures
  3 merfolk (D)
  A wolf (D)
  A hell hound (D)
  3 shadow imps (D)
  2 white imps (D)
  An ufetubus (D)
  3 ball pythons (D)
  A bat zombie (D)
  A jackal (D)
16 creatures vanquished.

Vanquished Creatures (others)
  2 spatial maelstroms (D)
  Ijyb (D)
  Terence (D)
4 creatures vanquished.

Grand Total: 20 creatures vanquished

Notes
Turn   | Place    | Note
--------------------------------------------------------------
     0 | D        | hexophile the Naga Wizard began the quest for the Orb.
     0 | D        | Reached XP level 1. HP: 15/15 MP: 4/4
     0 | D        | Found a roughly hewn altar of Beogh.
     0 | D        | Found a corrupted altar of Lugonu.
     0 | D        | Found a viscous altar of Jiyva.
     0 | D        | Found a white marble altar of Elyvilon.
     0 | D        | Found a sparkling altar of Nemelex Xobeh.
     0 | D        | Found a burning altar of Makhleb.
     0 | D        | Found an iron altar of Okawaru.
     0 | D        | Found a deep blue altar of Sif Muna.
     0 | D        | Found a radiant altar of Vehumet.
     0 | D        | Found a bloodstained altar of Trog.
     0 | D        | Found a shimmering altar of Xom.
     0 | D        | Banished a spatial maelstrom
     2 | D        | Banished a spatial maelstrom
     2 | D        | Killed Ijyb
     4 | D        | Killed Terence
     9 | D        | Banished a spatial maelstrom
    94 | D        | Became a worshipper of Vehumet
    99 | D        | Reached skill level 4 in Spellcasting
    99 | D        | Reached skill level 6 in Conjurations
    99 | D        | Reached XP level 2. HP: 22/22 MP: 7/7
   121 | D        | Entered arena 1.
   121 | D        | Noticed a wolf
   123 | D        | Killed a wolf
   123 | D        | Reached skill level 9 in Conjurations
   123 | D        | Reached XP level 3. HP: 11/28 MP: 11/11
   123 | D        | Reached XP level 4. HP: 14/36 MP: 12/12
   123 | D        | Reached XP level 5. HP: 16/42 MP: 14/14
   322 | D        | Identified the Papyrus of Warped Necromancy (You found it in the Dungeon)
   326 | D        | Learned a level 3 spell: Mephitic Cloud
   326 | D        | Identified the Papyrus of Warped Necromancy (You found it in the Dungeon)
   329 | D        | Learned a level 2 spell: Repel Missiles
   385 | D        | Entered arena 2.
   386 | D        | Acquired Vehumet's first power
   386 | D        | Offered knowledge of Freeze by Vehumet.
   397 | D        | Got the cursed +0 leather armour "Dukunal" {rN+++ Int+2 Dex-4}
   513 | D        | Entered arena 3.
   513 | D        | Noticed a hell hound
   516 | D        | Killed a hell hound
   516 | D        | Reached skill level 10 in Conjurations
   516 | D        | Reached XP level 6. HP: 47/49 MP: 16/16
   635 | D        | Entered arena 4.
   636 | D        | Offered knowledge of Sting by Vehumet.
   636 | D        | Acquired Vehumet's second power
   637 | D        | Reached skill level 11 in Conjurations
   691 | D        | Entered arena 5.
   691 | D        | Noticed a merfolk
   691 | D        | Noticed a merfolk
   691 | D        | Noticed a merfolk
   691 | D        | Noticed a merfolk
   691 | D        | Noticed a merfolk
   697 | D        | Killed a merfolk
   697 | D        | Acquired Vehumet's third power
   697 | D        | Reached skill level 12 in Conjurations
   697 | D        | Reached XP level 7. HP: 42/55 MP: 19/19
   706 | D        | Killed a merfolk
   706 | D        | Reached skill level 13 in Conjurations
   707 | D        | Killed a merfolk
   721 | D        | HP: 4/55 [merfolk/tomahawk (14)]
   724 | D        | HP: 1/55 [the Majin-Bo (1)]
   724 | D        | Slain by a merfolk

Vault maps used:
D:        sprint_v

Action                   |  1- 3 |  4- 6 |  7- 9 || total
-------------------------+-------+-------+-------++-------
Melee: Quarterstaff      |       |     5 |     2 ||     7
 Cast: Magic Dart        |       |    10 |    14 ||    24
       Repel Missiles    |       |     1 |       ||     1
       Mephitic Cloud    |       |     2 |     1 ||     3
Evoke: Wand              |     1 |     8 |     6 ||    15
  Use: Potion            |     1 |       |     1 ||     2
       Scroll            |       |     1 |       ||     1
  Eat: Fruit             |     3 |       |       ||     3
